 Dungeon Crawl Stone Soup version 0.28.0 (webtiles) character file.

Game seed: 1765350467752124413

28 shoop the Sneak (level 2, -13/12 HPs)
             Began as a Felid Transmuter on Feb 15, 2022.
             Mangled by an orc priest (20 damage)
             ... on level 2 of the Dungeon.
             The game lasted 00:02:32 (1381 turns).

shoop the Sneak (Felid Transmuter)                  Turns: 1381, Time: 00:02:34

Health: -13/12     AC:  1    Str:  6    XL:     2   Next: 96%
Magic:  5/6        EV: 17    Int: 14    God:
Gold:   63         SH:  0    Dex: 16    Spells: 4/5 levels left
                                        Lives:  0   Deaths: 0

rFire   . . .      SeeInvis +     - Unarmed
rCold   . . .      Faith    .   (shield unavailable)
rNeg    . . .      Spirit   .   (armour unavailable)
rPois   .          Reflect  .   (helmet unavailable)
rElec   .          Harm     .   (cloak unavailable)
rCorr   .          Rampage  .   (gloves unavailable)
Will    .....                   (boots unavailable)
Stlth   +++.......              (no amulet)
HPRegen 0.04/turn               (no ring)
MPRegen 0.10/turn               (no ring)

@: appendages, quick
A: horns 2, very small, claws 1, fangs 3, see invisible, speed 1, shaggy fur 1,
stealthy paws, no weapons or thrown items, no armour, multi-lived
a: End Transformation


You were on level 2 of the Dungeon.
You had temporarily grown beastly horns.
You visited 1 branch of the dungeon, and saw 2 of its levels.

You collected 63 gold pieces.

Inventory:

Scrolls
 b - a scroll of enchant armour {unknown}
Potions
 a - a potion of ambrosia {unknown}


   Skills:
 - Level 1.0 Fighting
 - Level 2.6 Dodging
 + Level 4.0 Stealth
 - Level 3.0 Unarmed Combat
 - Level 2.0 Spellcasting
 - Level 2.1 Transmutations


You had 4 spell levels left.
You knew the following spells:

 Your Spells              Type           Power      Damage    Failure   Level
a - Beastly Appendage     Tmut           14%        N/A       10%         1

Your spell library contained the following spells:

 Spells                   Type           Power      Damage    Failure   Level
 Wereblood                Tmut           7%         N/A       14%         2
 Spider Form              Tmut/Pois      4%         N/A       41%         3
 Ice Form                 Ice/Tmut       4%         N/A       83%         4


Dungeon Overview and Level Annotations

Branches:
Dungeon (2/15)

Altars:

Annotations:
D:2 exclusion: adder


Innate Abilities, Weirdness & Mutations

You have temporarily grown beastly horns.
You have sharp claws.
You have razor-sharp teeth.
You have supernaturally acute eyesight. (SInv)
You cover ground quickly. (Speed+)
You are covered in fur. (AC +1)
Your paws help you pounce on unaware monsters.
You are incapable of wielding weapons or throwing items.
You cannot wear armour.
You gain extra lives every three experience levels.


Message History

The orc priest is wielding a +3 hand axe of electrocution.
The orc wizard shouts!
There is an open door here.
You see here a +0 cloak.
A hobgoblin comes into view.
You scratch the hobgoblin.
The hobgoblin is severely wounded.
The hobgoblin misses you.
You scratch the hobgoblin.
You kill the hobgoblin!
Your Stealth skill increases to level 4!
No target in view!
You see here a hobgoblin corpse.
Found a stone staircase leading down.
Found a club.
Found a stone staircase leading down.
You see here a +0 club.
A kobold comes into view. It is wielding a +0 club.
Found 24 stones.
Found a dagger.
You pounce on the unaware helpless kobold!
You claw the kobold!
You kill the kobold!
Things that are here:
a +0 club; 27 stones You see here a +0 dagger.
A kobold comes into view. It is wielding a +0 whip.
There is an open door here.
There is an open door here.
You catch the helpless orc priest completely off-guard!
You scratch the orc priest.
The orc priest is lightly wounded.
The orc priest barely misses you.
Casting: Beastly Appendage (safe; 10% risk of failure)
Confirm with . or Enter, or press ? or * to list all spells.
You grow a pair of large bovine horns.
The orc priest hits you with a +3 hand axe of electrocution.
You are electrocuted!!
Ouch! That really hurt!
You die...

#.....#########.##########
#.....'............[......
#.....#########.##########
#....$......#.#.# #
#......#..o.....# #######
####+#.#.##.##### #......
....... ........
#.#o###### ........
#######+#...@....#
#S......
#.........#.###.##
#.###### #.........#[# #.#
# #......o..#.# #.#
+......)..#.# #.# ..
#.........#.# #.# #.#
.#####.o###<# #.# .. ##..
### #.# #.# ..o #.#
####..##


You could see an orc priest.

Vanquished Creatures
  A dart slug (D:2)
  2 orcs (D:2)
  A bat (D:1)
  An endoplasm (D:1)
  A hobgoblin (D:2)
  3 jackals (D:1)
  4 kobolds
  A quokka (D:1)
  A ball python (D:2)
  2 frilled lizards (D:1)
  2 goblins
  6 rats
25 creatures vanquished.

Notes
Turn   | Place    | Note
-------+----------+-------------------------------------------
     0 | D:1      | shoop the Felid Transmuter began the quest for the Orb.
     0 | D:1      | Reached XP level 1. HP: 9/9 MP: 4/4
    24 | D:1      | Reached skill level 1 in Stealth
    34 | D:1      | Reached skill level 2 in Stealth
   316 | D:1      | Reached XP level 2. HP: 12/12 MP: 6/6
   469 | D:1      | Reached skill level 3 in Stealth
   824 | D:1      | Found a faded altar of an unknown god.
  1246 | D:2      | Reached skill level 4 in Stealth
  1381 | D:2      | Mangled by an orc priest

Illustrated notes

Levels and vault maps discovered:
D:1:      dpeg_arrival_solitude, layout_rooms, chequers_ecumenical_altar_grove
D:2:      cheibrodos_pilgrimage, layout_basic

Skill      XL: |  1  2 |
---------------+-------+-----
Stealth        | 2 4 |  4.0
Fighting       | |  1.0
Dodging        | |  2.6
Unarmed Combat | |  3.0
Spellcasting   | |  2.0
Transmutations | |  2.1

Action                   || total
-------------------------++-------
Melee: Unarmed           ||    52
       Bite              ||     7
       Headbutt          ||     4
       Punch             ||     2
 Cast: Beastly Appendage ||     6
 Stab: Sleeping          ||     6
       Distracted        ||     1
Armor: Skin              ||     1
Dodge: Dodged            ||    33
